[ AOE2 MATCH · #470070944 ]
Team RMRomans vs Magyars
[ REPLAY ANALYSIS · EXTRACTED FROM THE RECORDED GAME ]
Feudal
11:40
Castle
19:04
Imperial
—
| APM avg | 18.7 |
| APM peak | 51 |
| eAPM avg | 11.6 |
| Villagers / military | 85 / 29 |
Focus
⚔️ 22.0% · 🌾 78.0%
Knight ×17 · Spearman ×9 · Scorpion ×3
Feudal
11:22
Castle
15:18
Imperial
33:38
| APM avg | 18.1 |
| APM peak | 51 |
| eAPM avg | 11.0 |
| Villagers / military | 81 / 47 |
Focus
⚔️ 29.4% · 🌾 70.6%
Longbowman ×20 · Archer ×15 · Spearman ×12 · Fishing Ship ×2
Feudal
12:23
Castle
20:34
Imperial
—
| APM avg | 24.2 |
| APM peak | 51 |
| eAPM avg | 9.3 |
| Villagers / military | 46 / 47 |
Focus
⚔️ 24.8% · 🌾 75.2%
Archer ×43 · Fishing Ship ×3 · Demolition Raft ×2 · Mangonel ×1 · Spearman ×1
Feudal
—
Castle
—
Imperial
—
| APM avg | 14.8 |
| APM peak | 39 |
| eAPM avg | 9.2 |
| Villagers / military | 93 / 37 |
Focus
⚔️ 20.7% · 🌾 79.3%
Skirmisher ×17 · Spearman ×12 · Galley ×5 · Fire Galley ×3 · Fishing Ship ×3
Feudal
—
Castle
—
Imperial
—
| APM avg | 37.5 |
| APM peak | 77 |
| eAPM avg | 15.5 |
| Villagers / military | 91 / 51 |
Focus
⚔️ 30.3% · 🌾 69.7%
Conquistador ×28 · Petard ×7 · Fishing Ship ×7 · Galley ×5 · Scorpion ×4 · Trebuchet (Packed) ×3
Feudal
13:55
Castle
19:02
Imperial
—
| APM avg | 23.6 |
| APM peak | 45 |
| eAPM avg | 12.4 |
| Villagers / military | 100 / 60 |
Focus
⚔️ 28.9% · 🌾 71.1%
Knight ×42 · Spearman ×8 · Demolition Raft ×6 · Fishing Ship ×3 · Galley ×2 · Transport Ship ×2
Feudal
10:45
Castle
26:53
Imperial
—
| APM avg | 44.1 |
| APM peak | 85 |
| eAPM avg | 21.0 |
| Villagers / military | 85 / 80 |
Focus
⚔️ 31.4% · 🌾 68.6%
Knight ×46 · Scout Cavalry ×34
Feudal
11:03
Castle
16:20
Imperial
37:42
| APM avg | 21.6 |
| APM peak | 66 |
| eAPM avg | 10.9 |
| Villagers / military | 113 / 38 |
Focus
⚔️ 21.2% · 🌾 78.8%
Longbowman ×34 · Battering Ram ×4
Match map
Initial resources + every placement click. Lines = walls · curves = elevation contours. ◆ gold · ⬟ stone · ● berries · ✦ relic · ◌ wall gap
Your base· ✓ Map-separated
[SotC] Jugg's base· ✓ Map-separated
CMD_perrito fiu fiu's base· ✓ Map-separated
ElMelvin49's base· ✓ Map-separated
Joe CMD's base· ✓ Map-separated
NinjaGecko's base· ✓ Map-separated
CMD_Papi Shulo 🌶's base· ✓ Map-separated
CMD_negroterrazas's base· ✓ Map-separated
Smoothed initial terrain · ◌ = detected wall gap · hover for details
Inputs per minute
— SlappyGJ - - [SotC] Jugg
Build order — SlappyGJ
First 150 of 213 actions detected
| 0:04 | Build | House |
| 0:06 | Build | House |
| 0:08 | Create | Villager (Male) |
| 0:09 | Create | Villager (Male) |
| 0:09 | Create | Villager (Male) |
| 0:09 | Create | Villager (Male) |
| 0:10 | Research | Loom |
| 0:10 | Research | Loom |
| 1:41 | Create | Villager (Male) |
| 1:57 | Create | Villager (Male) |
| 2:32 | Create | Villager (Male) |
| 3:14 | Create | Villager (Male) |
| 3:14 | Create | Villager (Male) |
| 3:14 | Create | Villager (Male) |
| 3:43 | Create | Villager (Male) |
| 4:15 | Create | Villager (Male) |
| 4:23 | Build | House |
| 4:24 | Build | House |
| 4:30 | Build | Mill |
| 4:51 | Build | Lumber Camp |
| 5:00 | Create | Villager (Male) |
| 5:00 | Create | Villager (Male) |
| 5:33 | Create | Villager (Male) |
| 5:33 | Create | Villager (Male) |
| 5:59 | Build | Mining Camp |
| 6:07 | Create | Villager (Male) |
| 6:07 | Create | Villager (Male) |
| 6:22 | Create | Villager (Male) |
| 6:22 | Create | Villager (Male) |
| 6:45 | Create | Villager (Male) |
| 6:45 | Create | Villager (Male) |
| 7:19 | Create | Villager (Male) |
| 7:19 | Create | Villager (Male) |
| 7:20 | Create | Villager (Male) |
| 7:20 | Create | Villager (Male) |
| 9:30 | Research | Feudal Age |
| 9:38 | Build | Mining Camp |
| 9:53 | Create | Villager (Male) |
| 9:53 | Create | Villager (Male) |
| 10:02 | Build | House |
| 10:03 | Build | House |
| 10:08 | Build | House |
| 10:10 | Build | House |
| 11:09 | Build | Mill |
| 11:40 | Age | Feudal Age |
| 12:01 | Build | Blacksmith |
| 12:23 | Create | Villager (Male) |
| 12:56 | Build | Market |
| 13:26 | Build | Stone Wall |
| 13:32 | Build | Gate |
| 13:50 | Create | Villager (Male) |
| 14:18 | Create | Villager (Male) |
| 14:46 | Create | Villager (Male) |
| 15:19 | Build | Watch Tower |
| 15:58 | Build | Barracks |
| 16:04 | Build | Farm |
| 16:05 | Build | Farm |
| 16:05 | Build | Farm |
| 16:06 | Build | Farm |
| 16:06 | Build | Farm |
| 16:08 | Build | Farm |
| 16:08 | Build | Farm |
| 16:09 | Build | Farm |
| 16:21 | Research | Horse Collar |
| 16:23 | Research | Double-Bit Axe |
| 16:25 | Research | Castle Age |
| 16:52 | Create | Spearman |
| 16:52 | Create | Spearman |
| 17:00 | Build | Farm |
| 17:48 | Build | Farm |
| 18:12 | Create | Spearman |
| 18:12 | Create | Spearman |
| 18:22 | Create | Spearman |
| 19:00 | Create | Spearman |
| 19:00 | Create | Spearman |
| 19:04 | Age | Castle Age |
| 19:18 | Create | Spearman |
| 19:33 | Build | Stone Wall |
| 19:36 | Build | Stone Wall |
| 19:53 | Create | Spearman |
| 20:25 | Create | Villager (Male) |
| 20:26 | Create | Villager (Male) |
| 20:52 | Create | Villager (Male) |
| 21:03 | Build | Town Center |
| 21:24 | Create | Villager (Male) |
| 21:51 | Create | Villager (Male) |
| 21:52 | Create | Villager (Male) |
| 21:52 | Create | Villager (Male) |
| 22:04 | Create | Villager (Male) |
| 22:04 | Create | Villager (Male) |
| 22:11 | Research | Heavy Plow |
| 22:43 | Build | Gate |
| 23:04 | Create | Villager (Male) |
| 23:04 | Create | Villager (Male) |
| 23:05 | Create | Villager (Male) |
| 23:05 | Create | Villager (Male) |
| 23:49 | Create | Villager (Male) |
| 23:50 | Create | Villager (Male) |
| 23:57 | Build | Lumber Camp |
| 24:03 | Create | Villager (Male) |
| 24:03 | Create | Villager (Male) |
| 24:10 | Build | House |
| 24:12 | Build | House |
| 24:20 | Build | House |
| 24:21 | Build | House |
| 24:24 | Build | House |
| 24:25 | Build | House |
| 24:27 | Build | House |
| 24:29 | Build | House |
| 24:34 | Create | Villager (Male) |
| 24:34 | Create | Villager (Male) |
| 24:46 | Build | Town Center |
| 25:07 | Create | Villager (Male) |
| 25:07 | Create | Villager (Male) |
| 25:12 | Build | Farm |
| 25:12 | Build | Farm |
| 25:12 | Build | Farm |
| 25:13 | Build | Farm |
| 25:13 | Build | Farm |
| 25:19 | Build | Farm |
| 25:29 | Research | Stone Mining |
| 25:36 | Create | Villager (Male) |
| 25:40 | Build | Farm |
| 26:02 | Build | Farm |
| 26:02 | Build | Farm |
| 26:02 | Build | Farm |
| 26:11 | Create | Villager (Male) |
| 26:11 | Create | Villager (Male) |
| 26:11 | Create | Villager (Male) |
| 26:12 | Create | Villager (Male) |
| 26:42 | Build | Stone Wall |
| 26:44 | Build | Stone Wall |
| 26:45 | Build | Stone Wall |
| 27:02 | Create | Villager (Male) |
| 27:03 | Create | Villager (Male) |
| 27:03 | Create | Villager (Male) |
| 27:03 | Create | Villager (Male) |
| 27:03 | Create | Villager (Male) |
| 27:04 | Create | Villager (Male) |
| 27:20 | Build | University |
| 27:52 | Build | Siege Workshop |
| 27:56 | Research | Wheelbarrow |
| 27:58 | Create | Villager (Male) |
| 27:58 | Create | Villager (Male) |
| 28:01 | Create | Villager (Male) |
| 28:15 | Build | Castle |
| 28:22 | Create | Villager (Male) |
| 28:31 | Build | Stable |
| 28:37 | Build | Stable |
| 28:51 | Research | Fortified Wall (upgrade) |
Build order — [SotC] Jugg
First 150 of 190 actions detected
| 0:02 | Create | Villager (Male) |
| 0:02 | Create | Villager (Male) |
| 0:04 | Build | House |
| 0:06 | Build | House |
| 0:29 | Create | Villager (Male) |
| 0:29 | Create | Villager (Male) |
| 1:32 | Create | Villager (Male) |
| 1:48 | Create | Villager (Male) |
| 1:48 | Create | Villager (Male) |
| 1:57 | Build | Lumber Camp |
| 2:11 | Create | Villager (Male) |
| 2:39 | Create | Villager (Male) |
| 2:40 | Create | Villager (Male) |
| 3:23 | Create | Villager (Male) |
| 3:33 | Create | Villager (Male) |
| 3:33 | Create | Villager (Male) |
| 3:44 | Build | House |
| 3:49 | Build | Palisade Wall |
| 3:50 | Build | Palisade Wall |
| 3:51 | Build | Palisade Wall |
| 3:52 | Build | Palisade Wall |
| 4:40 | Create | Villager (Male) |
| 4:40 | Create | Villager (Male) |
| 4:40 | Create | Villager (Male) |
| 4:44 | Build | Mill |
| 5:46 | Create | Villager (Male) |
| 5:46 | Create | Villager (Male) |
| 5:47 | Create | Villager (Male) |
| 5:57 | Build | Dock |
| 6:51 | Build | House |
| 7:38 | Create | Villager (Male) |
| 7:42 | Build | Mining Camp |
| 7:50 | Build | House |
| 7:55 | Build | House |
| 8:07 | Create | Villager (Male) |
| 8:39 | Create | Villager (Male) |
| 8:53 | Create | Fishing Ship |
| 9:12 | Research | Feudal Age |
| 10:26 | Create | Villager (Male) |
| 10:26 | Create | Villager (Male) |
| 10:28 | Create | Villager (Male) |
| 10:34 | Create | Fishing Ship |
| 11:22 | Age | Feudal Age |
| 11:26 | Build | Blacksmith |
| 12:06 | Build | Market |
| 12:37 | Research | Castle Age |
| 12:53 | Research | Double-Bit Axe |
| 12:58 | Research | Horse Collar |
| 14:08 | Research | Fletching |
| 14:13 | Build | Barracks |
| 14:49 | Build | Archery Range |
| 14:56 | Create | Villager (Male) |
| 14:56 | Create | Villager (Male) |
| 14:56 | Create | Villager (Male) |
| 15:18 | Age | Castle Age |
| 15:27 | Create | Spearman ×3 |
| 15:32 | Build | Farm |
| 15:34 | Build | Farm |
| 15:35 | Build | Farm |
| 15:38 | Build | Farm |
| 15:50 | Build | Farm |
| 16:11 | Build | Farm |
| 16:15 | Create | Spearman |
| 16:17 | Research | Scale Mail Armor |
| 16:25 | Create | Villager (Male) |
| 16:33 | Build | Farm |
| 16:39 | Research | Loom |
| 16:44 | Build | Farm |
| 16:58 | Create | Spearman |
| 17:25 | Create | Spearman |
| 17:39 | Create | Villager (Male) |
| 17:43 | Build | Farm |
| 17:47 | Build | House |
| 17:48 | Build | House |
| 17:50 | Build | House |
| 18:02 | Research | Pikeman (upgrade) |
| 18:27 | Create | Villager (Male) |
| 18:42 | Build | Town Center |
| 18:45 | Build | Farm |
| 18:47 | Create | Villager (Male) |
| 18:52 | Create | Spearman |
| 19:15 | Build | Farm |
| 19:17 | Create | Villager (Male) |
| 19:24 | Build | Farm |
| 19:27 | Create | Villager (Male) |
| 19:48 | Create | Villager (Male) |
| 19:51 | Build | Farm |
| 20:16 | Create | Villager (Male) |
| 20:16 | Create | Villager (Male) |
| 20:21 | Build | Farm |
| 20:32 | Build | Farm |
| 20:32 | Build | Farm |
| 20:33 | Build | Farm |
| 20:35 | Build | Farm |
| 20:42 | Create | Villager (Male) |
| 20:42 | Create | Villager (Male) |
| 20:43 | Create | Villager (Male) |
| 20:44 | Build | Farm |
| 21:06 | Build | Farm |
| 21:08 | Create | Villager (Male) |
| 21:08 | Create | Villager (Male) |
| 21:13 | Build | Farm |
| 21:39 | Create | Archer ×5 |
| 21:47 | Create | Villager (Male) |
| 21:47 | Create | Villager (Male) |
| 21:47 | Create | Villager (Male) |
| 22:07 | Build | Mining Camp |
| 22:19 | Research | Crossbowman (upgrade) |
| 22:32 | Create | Villager (Male) |
| 22:33 | Create | Villager (Male) |
| 22:39 | Create | Villager (Male) |
| 22:52 | Build | Stone Wall |
| 23:12 | Research | Bow Saw |
| 23:14 | Research | Heavy Plow |
| 23:23 | Build | Stone Wall |
| 23:26 | Build | Stone Wall |
| 23:30 | Build | Stone Wall |
| 23:42 | Research | Crossbowman (upgrade) |
| 23:55 | Build | Archery Range |
| 23:59 | Create | Archer |
| 24:00 | Create | Archer |
| 24:00 | Create | Archer |
| 24:10 | Build | House |
| 24:11 | Build | House |
| 24:12 | Build | House |
| 24:16 | Create | Villager (Male) |
| 24:16 | Create | Villager (Male) |
| 24:22 | Research | Wheelbarrow |
| 24:30 | Create | Villager (Male) |
| 24:31 | Create | Villager (Male) |
| 24:43 | Create | Archer ×5 |
| 24:44 | Create | Archer |
| 24:44 | Create | Archer |
| 25:02 | Research | Padded Archer Armor |
| 25:10 | Build | Farm |
| 25:13 | Build | House |
| 26:21 | Create | Villager (Male) |
| 26:21 | Create | Villager (Male) |
| 26:21 | Create | Villager (Male) |
| 26:21 | Create | Villager (Male) |
| 27:28 | Create | Villager (Male) |
| 27:28 | Create | Villager (Male) |
| 27:29 | Research | Hand Cart |
| 27:30 | Create | Villager (Male) |
| 27:30 | Create | Villager (Male) |
| 27:30 | Create | Villager (Male) |
| 27:31 | Create | Villager (Male) |
| 27:32 | Create | Villager (Male) |
| 28:20 | Build | Castle |
| 28:29 | Create | Villager (Male) |
Build order — CMD_perrito fiu fiu
First 150 of 157 actions detected
| 0:03 | Research | Loom |
| 0:06 | Build | House |
| 0:09 | Build | House |
| 0:17 | Create | Villager (Male) |
| 0:17 | Create | Villager (Male) |
| 0:18 | Create | Villager (Male) |
| 1:22 | Build | Lumber Camp |
| 1:56 | Create | Villager (Male) |
| 2:12 | Create | Villager (Male) |
| 2:45 | Create | Villager (Male) |
| 2:55 | Build | House |
| 3:08 | Create | Villager (Male) |
| 3:42 | Create | Villager (Male) |
| 4:07 | Create | Villager (Male) |
| 4:13 | Build | Mill |
| 4:42 | Create | Villager (Male) |
| 5:04 | Create | Villager (Male) |
| 5:51 | Create | Villager (Male) |
| 5:51 | Create | Villager (Male) |
| 6:12 | Create | Villager (Male) |
| 6:16 | Build | House |
| 6:59 | Create | Villager (Male) |
| 7:12 | Build | Dock |
| 7:18 | Create | Villager (Male) |
| 7:47 | Build | House |
| 8:47 | Create | Villager (Male) |
| 8:47 | Create | Villager (Male) |
| 10:13 | Research | Feudal Age |
| 10:19 | Create | Fishing Ship |
| 10:19 | Create | Fishing Ship |
| 10:40 | Build | Barracks |
| 11:00 | Build | Mill |
| 11:33 | Create | Villager (Male) |
| 11:33 | Create | Villager (Male) |
| 12:23 | Age | Feudal Age |
| 12:28 | Build | Archery Range |
| 12:29 | Create | Villager (Male) |
| 12:30 | Create | Villager (Male) |
| 12:42 | Build | Mining Camp |
| 12:52 | Research | Double-Bit Axe |
| 13:00 | Build | Archery Range |
| 13:15 | Create | Spearman |
| 13:43 | Create | Archer |
| 13:51 | Create | Villager (Male) |
| 13:51 | Create | Villager (Male) |
| 14:50 | Create | Archer |
| 14:50 | Create | Archer |
| 14:52 | Create | Archer |
| 14:58 | Build | House |
| 15:00 | Build | House |
| 15:36 | Create | Archer |
| 15:36 | Create | Archer |
| 16:17 | Build | Blacksmith |
| 16:53 | Create | Archer |
| 16:53 | Create | Archer |
| 17:15 | Create | Demolition Raft |
| 17:28 | Create | Demolition Raft |
| 17:33 | Create | Fishing Ship |
| 17:51 | Build | House |
| 17:54 | Research | Castle Age |
| 17:59 | Research | Fletching |
| 18:00 | Research | Padded Archer Armor |
| 18:05 | Build | Stone Wall |
| 18:27 | Build | Stone Wall |
| 18:37 | Create | Archer |
| 18:37 | Create | Archer |
| 19:14 | Build | Stone Wall |
| 19:17 | Build | Stone Wall |
| 19:20 | Build | Stone Wall |
| 19:39 | Create | Villager (Male) |
| 19:39 | Create | Villager (Male) |
| 20:01 | Build | Farm |
| 20:02 | Build | Farm |
| 20:02 | Build | Farm |
| 20:02 | Build | Farm |
| 20:07 | Research | Horse Collar |
| 20:26 | Create | Archer |
| 20:26 | Create | Archer |
| 20:34 | Age | Castle Age |
| 20:57 | Build | Town Center |
| 21:11 | Build | University |
| 21:18 | Build | University |
| 21:31 | Build | House |
| 21:32 | Build | House |
| 21:41 | Create | Villager (Male) |
| 21:46 | Build | House |
| 21:49 | Build | House |
| 22:27 | Create | Villager (Male) |
| 22:37 | Build | Farm |
| 22:37 | Build | Farm |
| 22:37 | Build | Farm |
| 23:08 | Build | Market |
| 23:16 | Build | Farm |
| 23:22 | Build | Farm |
| 23:28 | Build | Farm |
| 23:34 | Create | Villager (Male) |
| 23:34 | Create | Villager (Male) |
| 24:13 | Build | Siege Workshop |
| 24:33 | Build | Farm |
| 24:36 | Build | Farm |
| 24:41 | Research | Crossbowman (upgrade) |
| 24:47 | Research | Ballistics |
| 24:56 | Build | Lumber Camp |
| 25:18 | Create | Mangonel |
| 25:41 | Research | Bodkin Arrow |
| 25:44 | Create | Archer ×4 |
| 25:45 | Create | Archer |
| 26:01 | Build | Gate |
| 26:34 | Create | Archer |
| 26:34 | Create | Archer |
| 26:34 | Create | Archer |
| 26:36 | Create | Villager (Male) |
| 26:36 | Create | Villager (Male) |
| 26:46 | Research | Bow Saw |
| 27:04 | Build | Mining Camp |
| 27:07 | Create | Archer |
| 27:08 | Create | Archer |
| 28:05 | Research | Thumb Ring |
| 28:06 | Create | Archer ×2 |
| 28:26 | Create | Archer ×5 |
| 28:26 | Create | Archer |
| 28:52 | Create | Archer ×5 |
| 28:53 | Create | Archer ×2 |
| 29:03 | Create | Villager (Male) |
| 29:04 | Create | Villager (Male) |
| 29:04 | Create | Villager (Male) |
| 29:14 | Research | Gold Mining |
| 29:26 | Build | House |
| 29:27 | Build | House |
| 29:29 | Build | House |
| 29:41 | Research | Leather Archer Armor |
| 29:57 | Create | Villager (Male) |
| 30:01 | Create | Archer |
| 30:06 | Create | Villager (Male) |
| 30:21 | Create | Villager (Male) |
| 30:57 | Create | Villager (Male) |
| 30:57 | Create | Villager (Male) |
| 31:13 | Create | Villager (Male) |
| 31:13 | Create | Villager (Male) |
| 31:27 | Build | House |
| 31:29 | Build | House |
| 31:31 | Build | House |
| 31:33 | Build | House |
| 33:24 | Create | Archer |
| 33:25 | Create | Archer |
| 33:25 | Create | Archer |
| 33:28 | Build | Farm |
| 33:31 | Build | Farm |
| 33:53 | Create | Archer |
| 33:54 | Create | Archer |
Build order — ElMelvin49
First 150 of 203 actions detected
| 0:46 | Create | Villager (Male) |
| 0:53 | Build | House |
| 1:13 | Research | Loom |
| 1:14 | Create | Villager (Male) ×3 |
| 2:11 | Create | Villager (Male) |
| 2:48 | Create | Villager (Male) |
| 3:15 | Build | House |
| 3:18 | Build | House |
| 3:29 | Create | Villager (Male) |
| 3:50 | Build | Palisade Wall |
| 4:06 | Create | Villager (Male) |
| 4:06 | Create | Villager (Male) |
| 4:19 | Build | House |
| 4:24 | Build | Palisade Gate |
| 4:50 | Create | Villager (Male) |
| 4:50 | Create | Villager (Male) |
| 5:07 | Build | Palisade Wall |
| 5:22 | Create | Villager (Male) |
| 5:53 | Build | Dock |
| 5:56 | Create | Villager (Male) |
| 6:12 | Create | Villager (Male) |
| 6:34 | Build | Lumber Camp |
| 6:39 | Create | Villager (Male) |
| 6:41 | Create | Villager (Male) |
| 7:46 | Create | Fishing Ship |
| 7:54 | Create | Villager (Male) |
| 8:07 | Build | Mill |
| 8:15 | Create | Villager (Male) |
| 8:19 | Create | Fishing Ship |
| 8:29 | Build | House |
| 8:35 | Build | Palisade Wall |
| 8:38 | Build | Palisade Wall |
| 8:40 | Create | Villager (Male) |
| 9:03 | Create | Villager (Male) |
| 9:04 | Create | Villager (Male) |
| 9:13 | Create | Villager (Male) |
| 9:23 | Create | Villager (Male) |
| 9:47 | Create | Villager (Male) |
| 9:48 | Create | Villager (Male) |
| 9:48 | Create | Villager (Male) |
| 9:53 | Create | Villager (Male) |
| 10:03 | Build | Mill |
| 10:56 | Build | House |
| 11:03 | Create | Villager (Male) |
| 11:42 | Research | Feudal Age |
| 11:57 | Create | Fishing Ship |
| 12:06 | Build | Mining Camp |
| 12:38 | Create | Villager (Male) |
| 12:40 | Create | Villager (Male) |
| 13:21 | Create | Villager (Male) |
| 13:31 | Create | Villager (Male) |
| 13:32 | Create | Villager (Male) |
| 13:35 | Build | Barracks |
| 13:41 | Create | Villager (Male) |
| 13:42 | Create | Villager (Male) |
| 13:48 | Create | Fire Galley |
| 13:48 | Create | Fire Galley |
| 13:49 | Create | Fire Galley |
| 14:02 | Create | Villager (Male) |
| 14:09 | Research | Horse Collar |
| 14:31 | Build | Farm |
| 14:35 | Create | Villager (Male) |
| 14:36 | Create | Villager (Male) |
| 14:49 | Build | House |
| 14:57 | Create | Villager (Male) |
| 14:57 | Create | Villager (Male) |
| 15:01 | Create | Spearman |
| 15:01 | Create | Spearman |
| 15:01 | Create | Spearman |
| 15:04 | Build | House |
| 15:07 | Build | House |
| 15:07 | Build | House |
| 15:08 | Build | House |
| 15:44 | Build | House |
| 15:47 | Build | House |
| 15:49 | Create | Villager (Male) |
| 15:53 | Create | Spearman |
| 15:53 | Create | Spearman |
| 16:03 | Create | Galley |
| 16:03 | Create | Galley |
| 16:23 | Create | Spearman |
| 16:23 | Create | Spearman |
| 16:39 | Build | Farm |
| 17:06 | Build | Farm |
| 17:09 | Create | Spearman |
| 17:39 | Create | Galley |
| 17:52 | Create | Villager (Male) |
| 18:15 | Create | Villager (Male) |
| 18:24 | Create | Spearman |
| 18:25 | Create | Spearman |
| 18:33 | Build | Stable |
| 19:16 | Create | Spearman |
| 19:17 | Create | Spearman |
| 19:29 | Build | Stable |
| 19:34 | Build | Blacksmith |
| 19:57 | Build | House |
| 20:00 | Build | House |
| 20:01 | Build | House |
| 20:02 | Build | House |
| 20:06 | Build | House |
| 21:18 | Create | Villager (Male) |
| 21:19 | Create | Villager (Male) |
| 21:23 | Create | Galley |
| 21:24 | Create | Galley |
| 21:39 | Create | Villager (Male) |
| 21:39 | Create | Villager (Male) |
| 21:51 | Build | Farm |
| 21:51 | Build | Farm |
| 21:52 | Build | Farm |
| 21:52 | Build | Farm |
| 21:55 | Build | Farm |
| 22:23 | Build | Lumber Camp |
| 23:05 | Research | Castle Age |
| 23:14 | Build | Mill |
| 23:15 | Build | Farm |
| 23:15 | Build | Farm |
| 23:16 | Build | Farm |
| 23:16 | Build | Farm |
| 23:16 | Build | Farm |
| 23:38 | Build | Farm |
| 23:51 | Research | Double-Bit Axe |
| 24:10 | Research | Gold Mining |
| 24:37 | Build | Farm |
| 24:41 | Research | Fletching |
| 24:51 | Research | War Galley (upgrade) |
| 25:30 | Create | Villager (Male) |
| 25:30 | Create | Villager (Male) |
| 25:44 | Create | Villager (Male) |
| 25:56 | Create | Villager (Male) |
| 26:01 | Build | Town Center |
| 26:14 | Create | Villager (Male) |
| 26:14 | Create | Villager (Male) |
| 26:28 | Create | Villager (Male) |
| 26:28 | Create | Villager (Male) |
| 27:15 | Create | Villager (Male) |
| 27:15 | Create | Villager (Male) |
| 27:32 | Create | Villager (Male) |
| 27:32 | Create | Villager (Male) |
| 27:42 | Research | Stone Mining |
| 28:35 | Build | Farm |
| 28:35 | Build | Farm |
| 28:37 | Create | Villager (Male) |
| 28:37 | Create | Villager (Male) |
| 28:37 | Create | Villager (Male) |
| 28:37 | Create | Villager (Male) |
| 28:53 | Build | Farm |
| 28:57 | Build | Farm |
| 29:08 | Create | Villager (Male) |
| 29:08 | Create | Villager (Male) |
| 29:19 | Build | Farm |
Build order — Joe CMD
First 150 of 251 actions detected
| 0:03 | Build | House |
| 0:05 | Build | House |
| 0:06 | Create | Villager (Male) |
| 0:07 | Create | Villager (Male) |
| 0:07 | Create | Villager (Male) |
| 0:07 | Create | Villager (Male) |
| 1:15 | Build | House |
| 1:21 | Build | House |
| 1:53 | Create | Villager (Male) |
| 1:53 | Create | Villager (Male) |
| 2:21 | Build | Palisade Wall |
| 2:27 | Create | Villager (Male) |
| 2:40 | Create | Villager (Male) |
| 3:08 | Create | Villager (Male) |
| 3:16 | Build | Palisade Wall |
| 3:22 | Build | Palisade Wall |
| 3:50 | Build | Lumber Camp |
| 4:12 | Build | Palisade Wall |
| 4:25 | Create | Villager (Male) |
| 4:26 | Create | Villager (Male) |
| 4:26 | Create | Villager (Male) |
| 4:26 | Create | Villager (Male) |
| 5:24 | Create | Villager (Male) |
| 6:12 | Create | Villager (Male) |
| 6:12 | Create | Villager (Male) |
| 6:22 | Build | Dock |
| 6:33 | Create | Villager (Male) |
| 6:33 | Create | Villager (Male) |
| 7:11 | Create | Villager (Male) |
| 7:18 | Create | Fishing Ship |
| 8:04 | Create | Villager (Male) |
| 8:37 | Create | Villager (Male) |
| 8:37 | Create | Villager (Male) |
| 8:38 | Create | Villager (Male) |
| 8:43 | Create | Fishing Ship |
| 9:12 | Build | House |
| 9:16 | Research | Feudal Age |
| 9:27 | Build | Mining Camp |
| 9:50 | Build | House |
| 10:19 | Build | Mill |
| 10:57 | Create | Fishing Ship |
| 11:35 | Create | Unit 2626 |
| 11:45 | Create | Villager (Male) |
| 11:45 | Create | Villager (Male) |
| 11:53 | Build | Market |
| 12:45 | Create | Unit 2626 |
| 12:51 | Create | Villager (Male) |
| 12:51 | Create | Villager (Male) |
| 13:34 | Build | Blacksmith |
| 13:39 | Create | Villager (Male) |
| 14:14 | Research | Castle Age |
| 14:20 | Research | Fletching |
| 14:24 | Create | Galley |
| 14:38 | Build | House |
| 14:46 | Build | Mining Camp |
| 14:59 | Build | Outpost |
| 15:34 | Research | Double-Bit Axe |
| 15:38 | Research | Horse Collar |
| 16:03 | Create | Demolition Raft |
| 16:11 | Build | House |
| 16:13 | Build | House |
| 16:18 | Research | Stone Mining |
| 16:26 | Build | Farm |
| 16:27 | Build | Farm |
| 16:29 | Build | Farm |
| 16:30 | Build | Farm |
| 17:06 | Build | House |
| 17:11 | Create | Villager (Male) |
| 17:11 | Create | Villager (Male) |
| 17:11 | Create | Villager (Male) |
| 17:15 | Research | Loom |
| 17:23 | Research | Gold Mining |
| 17:57 | Research | War Galley (upgrade) |
| 18:21 | Create | Villager (Male) |
| 18:39 | Create | Villager (Male) |
| 18:56 | Build | Town Center |
| 19:08 | Create | Villager (Male) |
| 19:09 | Create | Villager (Male) |
| 19:59 | Create | Villager (Male) |
| 20:03 | Build | Farm |
| 20:03 | Build | Farm |
| 20:05 | Build | Farm |
| 20:19 | Build | Castle |
| 20:32 | Build | Farm |
| 20:32 | Build | Farm |
| 20:32 | Build | Farm |
| 20:35 | Create | Villager (Male) |
| 20:35 | Create | Villager (Male) |
| 20:35 | Create | Villager (Male) |
| 21:06 | Create | Fishing Ship |
| 21:06 | Create | Fishing Ship |
| 21:20 | Create | Villager (Male) |
| 21:20 | Create | Villager (Male) |
| 21:21 | Create | Villager (Male) |
| 21:36 | Build | Mining Camp |
| 21:47 | Build | Farm |
| 21:47 | Build | Farm |
| 21:47 | Build | Farm |
| 21:48 | Build | Farm |
| 22:05 | Build | Farm |
| 22:05 | Build | Farm |
| 22:16 | Create | Conquistador |
| 22:16 | Create | Conquistador |
| 22:49 | Create | Conquistador |
| 22:50 | Create | Conquistador |
| 23:00 | Build | Farm |
| 23:00 | Build | Farm |
| 23:01 | Build | Farm |
| 23:01 | Build | Farm |
| 23:13 | Create | Fishing Ship |
| 23:14 | Create | Fishing Ship |
| 23:35 | Create | Villager (Male) |
| 23:35 | Create | Villager (Male) |
| 24:17 | Create | Villager (Male) |
| 24:17 | Create | Villager (Male) |
| 24:22 | Build | Town Center |
| 24:35 | Create | Galley |
| 24:35 | Create | Galley |
| 25:46 | Create | Conquistador |
| 25:47 | Create | Conquistador |
| 25:47 | Create | Conquistador |
| 25:47 | Create | Conquistador |
| 25:47 | Create | Conquistador |
| 25:48 | Create | Conquistador |
| 26:20 | Create | Villager (Male) |
| 26:20 | Create | Villager (Male) |
| 26:20 | Create | Villager (Male) |
| 26:20 | Create | Villager (Male) |
| 26:21 | Create | Villager (Male) |
| 26:27 | Build | Farm |
| 26:27 | Build | Farm |
| 26:27 | Build | Farm |
| 26:27 | Build | Farm |
| 26:35 | Build | Barracks |
| 27:11 | Create | Galley |
| 27:11 | Create | Galley |
| 27:35 | Build | Siege Workshop |
| 27:39 | Create | Villager (Male) |
| 27:39 | Create | Villager (Male) |
| 27:39 | Create | Villager (Male) |
| 27:39 | Create | Villager (Male) |
| 27:50 | Build | Monastery |
| 28:02 | Create | Petard |
| 28:03 | Create | Petard |
| 28:08 | Create | Villager (Male) |
| 28:08 | Create | Villager (Male) |
| 28:09 | Create | Villager (Male) |
| 28:09 | Create | Villager (Male) |
| 28:09 | Create | Villager (Male) |
| 28:09 | Create | Villager (Male) |
Build order — NinjaGecko
First 150 of 246 actions detected
| 0:02 | Create | Villager (Male) |
| 0:03 | Create | Villager (Male) |
| 0:03 | Create | Villager (Male) |
| 0:03 | Create | Villager (Male) |
| 0:05 | Build | House |
| 0:06 | Build | House |
| 1:39 | Create | Villager (Male) |
| 1:39 | Create | Villager (Male) |
| 1:47 | Build | Lumber Camp |
| 2:01 | Create | Villager (Male) |
| 2:25 | Create | Villager (Male) |
| 2:42 | Create | Villager (Male) |
| 3:09 | Create | Villager (Male) |
| 3:14 | Build | House |
| 3:39 | Create | Villager (Male) |
| 3:59 | Create | Villager (Male) |
| 4:37 | Build | Mill |
| 4:42 | Create | Villager (Male) |
| 4:48 | Create | Villager (Male) |
| 5:41 | Create | Villager (Male) |
| 5:41 | Create | Villager (Male) |
| 6:08 | Build | Palisade Wall |
| 6:22 | Build | Mill |
| 6:26 | Create | Villager (Male) |
| 6:26 | Create | Villager (Male) |
| 6:27 | Create | Villager (Male) |
| 7:32 | Create | Villager (Male) |
| 7:32 | Create | Villager (Male) |
| 7:57 | Build | Lumber Camp |
| 8:40 | Research | Loom |
| 8:41 | Create | Villager (Male) |
| 8:44 | Create | Villager (Male) |
| 8:51 | Create | Villager (Male) |
| 9:25 | Create | Villager (Male) |
| 9:26 | Create | Villager (Male) |
| 10:24 | Build | Palisade Wall |
| 10:35 | Build | Mining Camp |
| 10:41 | Build | House |
| 10:42 | Create | Villager (Male) |
| 10:42 | Create | Villager (Male) |
| 10:52 | Build | Dock |
| 11:25 | Research | Feudal Age |
| 11:33 | Create | Fishing Ship |
| 11:34 | Create | Fishing Ship |
| 11:34 | Create | Fishing Ship |
| 12:24 | Build | House |
| 12:25 | Build | House |
| 13:33 | Build | House |
| 13:55 | Age | Feudal Age |
| 14:00 | Build | Watch Tower |
| 14:03 | Create | Villager (Male) |
| 14:04 | Create | Villager (Male) |
| 14:11 | Build | Market |
| 14:17 | Build | Blacksmith |
| 14:28 | Build | House |
| 14:38 | Build | House |
| 14:41 | Build | House |
| 14:46 | Build | Palisade Wall |
| 15:03 | Create | Villager (Male) |
| 15:03 | Create | Villager (Male) |
| 15:04 | Create | Villager (Male) |
| 15:07 | Build | Farm |
| 15:07 | Build | Farm |
| 15:07 | Build | Farm |
| 15:08 | Build | Farm |
| 15:08 | Build | Farm |
| 15:08 | Build | Farm |
| 15:34 | Create | Demolition Raft |
| 15:34 | Create | Demolition Raft |
| 15:36 | Build | House |
| 15:37 | Build | House |
| 15:37 | Build | House |
| 16:01 | Build | Farm |
| 16:22 | Research | Castle Age |
| 16:31 | Research | Horse Collar |
| 16:42 | Build | Lumber Camp |
| 17:12 | Build | Watch Tower |
| 17:21 | Build | House |
| 17:25 | Build | Barracks |
| 17:35 | Build | Palisade Wall |
| 17:53 | Research | Double-Bit Axe |
| 18:04 | Build | Palisade Wall |
| 18:05 | Build | Palisade Wall |
| 18:12 | Research | Fletching |
| 18:46 | Build | Palisade Wall |
| 18:57 | Build | Palisade Wall |
| 18:59 | Create | Villager (Male) |
| 18:59 | Create | Villager (Male) |
| 19:02 | Age | Castle Age |
| 19:02 | Create | Spearman |
| 19:03 | Create | Spearman |
| 19:03 | Create | Spearman |
| 19:25 | Build | Gate |
| 19:29 | Create | Villager (Male) |
| 19:29 | Create | Villager (Male) |
| 19:34 | Build | Mill |
| 19:36 | Build | Farm |
| 19:36 | Build | Farm |
| 19:37 | Build | Farm |
| 19:37 | Build | Farm |
| 19:38 | Build | Farm |
| 20:27 | Build | Watch Tower |
| 20:45 | Create | Spearman |
| 20:45 | Create | Spearman |
| 20:46 | Create | Villager (Male) |
| 20:47 | Create | Villager (Male) |
| 21:18 | Build | Mining Camp |
| 21:19 | Create | Villager (Male) |
| 21:20 | Create | Villager (Male) |
| 21:20 | Create | Villager (Male) |
| 21:34 | Build | Lumber Camp |
| 21:43 | Build | Mining Camp |
| 22:00 | Build | Stone Wall |
| 22:54 | Create | Spearman |
| 22:54 | Create | Spearman |
| 22:54 | Create | Spearman |
| 22:56 | Create | Villager (Male) |
| 22:56 | Create | Villager (Male) |
| 22:56 | Create | Villager (Male) |
| 23:02 | Build | Town Center |
| 23:30 | Research | Squires |
| 23:35 | Build | Farm |
| 23:37 | Build | Farm |
| 23:39 | Create | Villager (Male) |
| 23:39 | Create | Villager (Male) |
| 24:08 | Build | Mill |
| 24:10 | Build | Farm |
| 24:17 | Create | Villager (Male) ×3 |
| 24:47 | Create | Villager (Male) ×2 |
| 25:07 | Build | Castle |
| 25:35 | Build | Farm |
| 25:39 | Build | Mill |
| 25:44 | Create | Villager (Male) ×3 |
| 25:52 | Build | Town Center |
| 26:03 | Create | Transport Ship |
| 26:20 | Research | Stone Mining |
| 26:31 | Create | Galley |
| 26:32 | Create | Galley |
| 26:40 | Create | Demolition Raft |
| 26:40 | Create | Demolition Raft |
| 26:40 | Create | Demolition Raft |
| 26:40 | Create | Demolition Raft |
| 26:52 | Build | Farm |
| 27:04 | Research | Bow Saw |
| 27:59 | Create | Villager (Male) ×5 |
| 28:01 | Create | Villager (Male) ×2 |
| 28:06 | Build | Farm |
| 28:31 | Build | Mining Camp |
| 28:42 | Build | Stable |
| 28:43 | Build | Stable |
Build order — CMD_Papi Shulo 🌶
First 150 of 248 actions detected
| 0:02 | Create | Villager (Male) |
| 0:02 | Create | Villager (Male) |
| 0:02 | Create | Villager (Male) |
| 0:03 | Create | Villager (Male) |
| 0:03 | Create | Villager (Male) |
| 0:05 | Build | House |
| 0:06 | Build | House |
| 1:35 | Create | Villager (Male) |
| 1:36 | Create | Villager (Male) |
| 2:01 | Create | Villager (Male) |
| 2:40 | Create | Villager (Male) |
| 2:44 | Build | Lumber Camp |
| 2:47 | Create | Villager (Male) |
| 3:00 | Create | Villager (Male) |
| 3:13 | Create | Villager (Male) |
| 3:14 | Create | Villager (Male) |
| 4:01 | Create | Villager (Male) |
| 4:06 | Build | House |
| 4:27 | Create | Villager (Male) |
| 4:28 | Create | Villager (Male) |
| 4:49 | Build | Mill |
| 4:50 | Create | Villager (Male) |
| 5:36 | Create | Villager (Male) |
| 5:37 | Create | Villager (Male) |
| 5:37 | Create | Villager (Male) |
| 5:41 | Build | House |
| 6:29 | Create | Villager (Male) |
| 6:29 | Create | Villager (Male) |
| 7:20 | Create | Villager (Male) |
| 7:20 | Create | Villager (Male) |
| 7:30 | Build | House |
| 7:50 | Build | Barracks |
| 8:10 | Research | Loom |
| 8:21 | Research | Feudal Age |
| 9:10 | Build | Palisade Wall |
| 9:26 | Create | Villager (Male) |
| 9:26 | Create | Villager (Male) |
| 10:32 | Build | Outpost |
| 10:45 | Age | Feudal Age |
| 10:47 | Build | Stable |
| 11:00 | Build | Stable |
| 11:04 | Create | Villager (Male) |
| 11:16 | Create | Villager (Male) |
| 11:16 | Create | Villager (Male) |
| 11:34 | Create | Scout Cavalry |
| 11:34 | Create | Scout Cavalry |
| 11:34 | Create | Scout Cavalry |
| 11:56 | Build | Lumber Camp |
| 12:15 | Create | Scout Cavalry |
| 12:15 | Create | Scout Cavalry |
| 12:32 | Create | Scout Cavalry |
| 12:33 | Create | Villager (Male) |
| 12:33 | Create | Villager (Male) |
| 12:36 | Build | House |
| 12:37 | Build | House |
| 12:57 | Create | Scout Cavalry |
| 12:57 | Create | Scout Cavalry |
| 12:57 | Create | Scout Cavalry |
| 13:00 | Build | House |
| 13:01 | Build | House |
| 13:32 | Build | Farm |
| 13:32 | Build | Farm |
| 13:33 | Build | Farm |
| 13:33 | Build | Farm |
| 13:33 | Build | Farm |
| 13:33 | Build | Farm |
| 13:34 | Build | Farm |
| 13:34 | Build | Farm |
| 13:37 | Create | Villager (Male) |
| 13:51 | Create | Scout Cavalry |
| 14:32 | Create | Scout Cavalry |
| 14:51 | Create | Scout Cavalry |
| 15:11 | Create | Scout Cavalry |
| 15:11 | Create | Scout Cavalry |
| 15:29 | Create | Scout Cavalry |
| 15:41 | Build | Farm |
| 15:42 | Create | Villager (Male) |
| 15:46 | Build | Farm |
| 15:47 | Build | Farm |
| 15:47 | Build | Farm |
| 15:47 | Build | Farm |
| 15:50 | Build | Blacksmith |
| 16:04 | Create | Villager (Male) |
| 16:05 | Create | Villager (Male) |
| 16:18 | Build | Farm |
| 16:23 | Build | Farm |
| 16:24 | Create | Villager (Male) |
| 16:25 | Create | Villager (Male) |
| 16:43 | Build | Market |
| 16:54 | Create | Scout Cavalry |
| 16:55 | Create | Scout Cavalry |
| 17:26 | Create | Scout Cavalry |
| 17:26 | Create | Scout Cavalry |
| 17:38 | Build | House |
| 17:39 | Build | House |
| 17:42 | Research | Town Watch |
| 17:43 | Create | Villager (Male) |
| 17:46 | Build | Lumber Camp |
| 17:51 | Build | Mining Camp |
| 17:52 | Create | Villager (Male) |
| 17:53 | Create | Villager (Male) |
| 18:09 | Create | Villager (Male) |
| 18:09 | Create | Villager (Male) |
| 18:18 | Create | Villager (Male) |
| 19:08 | Create | Villager (Male) |
| 19:08 | Create | Villager (Male) |
| 19:29 | Create | Villager (Male) |
| 19:30 | Create | Villager (Male) |
| 19:33 | Build | House |
| 19:36 | Create | Villager (Male) |
| 19:36 | Create | Villager (Male) |
| 19:36 | Create | Villager (Male) |
| 19:50 | Research | Scale Barding Armor |
| 21:18 | Create | Scout Cavalry |
| 21:18 | Create | Scout Cavalry |
| 21:18 | Create | Scout Cavalry |
| 21:18 | Create | Scout Cavalry |
| 21:19 | Create | Scout Cavalry |
| 21:19 | Create | Scout Cavalry |
| 21:43 | Create | Villager (Male) |
| 21:43 | Create | Villager (Male) |
| 21:49 | Build | Mill |
| 21:54 | Build | Farm |
| 21:54 | Build | Farm |
| 21:54 | Build | Farm |
| 21:54 | Build | Farm |
| 21:55 | Build | Farm |
| 21:55 | Build | Farm |
| 21:55 | Build | Farm |
| 21:56 | Build | Farm |
| 21:56 | Build | Farm |
| 21:56 | Build | Farm |
| 21:56 | Build | Farm |
| 22:02 | Build | Stable |
| 22:51 | Create | Villager (Male) |
| 22:51 | Create | Villager (Male) |
| 22:51 | Create | Villager (Male) |
| 23:12 | Create | Villager (Male) |
| 23:38 | Build | Mining Camp |
| 24:13 | Research | Castle Age |
| 24:48 | Create | Villager (Male) |
| 24:48 | Create | Villager (Male) |
| 24:48 | Create | Villager (Male) |
| 24:58 | Build | Stable |
| 24:58 | Build | Stable |
| 25:31 | Create | Scout Cavalry |
| 25:31 | Create | Scout Cavalry |
| 25:32 | Create | Scout Cavalry |
| 25:32 | Create | Scout Cavalry |
| 25:32 | Create | Scout Cavalry |
Build order — CMD_negroterrazas
First 150 of 256 actions detected
| 0:08 | Build | House |
| 0:10 | Build | House |
| 0:11 | Create | Villager (Male) |
| 0:11 | Create | Villager (Male) |
| 0:12 | Create | Villager (Male) |
| 0:12 | Create | Villager (Male) |
| 0:12 | Create | Villager (Male) |
| 0:12 | Create | Villager (Male) |
| 0:13 | Create | Villager (Male) |
| 1:37 | Create | Villager (Male) |
| 1:37 | Create | Villager (Male) |
| 1:38 | Create | Villager (Male) |
| 1:38 | Create | Villager (Male) |
| 1:38 | Create | Villager (Male) |
| 1:38 | Create | Villager (Male) |
| 2:13 | Create | Villager (Male) |
| 2:14 | Create | Villager (Male) |
| 2:18 | Build | Lumber Camp |
| 2:19 | Build | House |
| 2:31 | Create | Villager (Male) |
| 2:46 | Create | Villager (Male) |
| 2:46 | Create | Villager (Male) |
| 2:47 | Create | Villager (Male) |
| 2:47 | Create | Villager (Male) |
| 3:53 | Build | House |
| 3:55 | Build | House |
| 3:57 | Build | House |
| 4:02 | Create | Villager (Male) |
| 4:02 | Create | Villager (Male) |
| 4:03 | Create | Villager (Male) |
| 4:38 | Create | Villager (Male) |
| 4:38 | Create | Villager (Male) |
| 4:40 | Create | Villager (Male) |
| 4:40 | Create | Villager (Male) |
| 4:40 | Create | Villager (Male) |
| 5:31 | Create | Villager (Male) |
| 5:32 | Create | Villager (Male) |
| 5:32 | Create | Villager (Male) |
| 5:32 | Create | Villager (Male) |
| 5:36 | Build | Mining Camp |
| 5:42 | Build | Mill |
| 6:34 | Create | Villager (Male) |
| 6:34 | Create | Villager (Male) |
| 6:34 | Create | Villager (Male) |
| 6:34 | Create | Villager (Male) |
| 7:28 | Create | Villager (Male) |
| 7:29 | Create | Villager (Male) |
| 7:59 | Build | Mining Camp |
| 8:53 | Research | Feudal Age |
| 8:55 | Research | Loom |
| 9:46 | Build | Palisade Wall |
| 9:53 | Build | Palisade Wall |
| 11:03 | Age | Feudal Age |
| 11:50 | Build | Palisade Wall |
| 11:57 | Create | Villager (Male) |
| 11:57 | Create | Villager (Male) |
| 11:58 | Create | Villager (Male) |
| 12:07 | Build | Blacksmith |
| 12:17 | Build | Palisade Gate |
| 12:39 | Build | Market |
| 12:57 | Build | House |
| 12:58 | Build | House |
| 12:59 | Build | House |
| 13:12 | Build | Stone Wall |
| 13:16 | Build | Stone Wall |
| 13:22 | Build | Stone Wall |
| 13:26 | Build | Gate |
| 13:32 | Build | Gate |
| 13:40 | Research | Castle Age |
| 13:45 | Build | Mining Camp |
| 14:00 | Research | Fletching |
| 15:44 | Create | Villager (Male) |
| 15:44 | Create | Villager (Male) |
| 15:45 | Create | Villager (Male) |
| 15:45 | Create | Villager (Male) |
| 15:46 | Create | Villager (Male) |
| 16:20 | Age | Castle Age |
| 16:36 | Build | Farm |
| 16:36 | Build | Farm |
| 16:37 | Build | Farm |
| 16:38 | Build | Farm |
| 16:39 | Build | Farm |
| 16:40 | Build | Farm |
| 17:47 | Create | Villager (Male) |
| 17:47 | Create | Villager (Male) |
| 18:03 | Build | University |
| 18:16 | Create | Villager (Male) |
| 18:16 | Create | Villager (Male) |
| 18:16 | Create | Villager (Male) |
| 18:20 | Build | Farm |
| 18:42 | Research | Ballistics |
| 18:52 | Build | Farm |
| 19:00 | Create | Villager (Male) |
| 19:00 | Create | Villager (Male) |
| 19:00 | Create | Villager (Male) |
| 19:00 | Create | Villager (Male) |
| 19:31 | Build | Farm |
| 19:56 | Build | Castle |
| 20:02 | Build | Mining Camp |
| 20:13 | Build | Farm |
| 20:18 | Research | Bodkin Arrow |
| 20:40 | Create | Villager (Male) |
| 21:21 | Build | Farm |
| 21:23 | Create | Villager (Male) |
| 21:24 | Create | Villager (Male) |
| 21:25 | Create | Villager (Male) |
| 21:47 | Build | Castle |
| 21:59 | Build | Farm |
| 22:11 | Research | Padded Archer Armor |
| 22:40 | Create | Villager (Male) |
| 22:40 | Create | Villager (Male) |
| 22:41 | Create | Villager (Male) |
| 22:41 | Create | Villager (Male) |
| 22:41 | Create | Villager (Male) |
| 22:41 | Create | Villager (Male) |
| 22:47 | Build | Farm |
| 22:57 | Build | Farm |
| 23:10 | Create | Longbowman |
| 23:10 | Create | Longbowman |
| 23:11 | Create | Longbowman |
| 23:11 | Create | Longbowman |
| 23:11 | Create | Longbowman |
| 23:11 | Create | Longbowman |
| 23:12 | Create | Longbowman |
| 23:12 | Create | Longbowman |
| 23:12 | Create | Longbowman |
| 23:12 | Create | Longbowman |
| 23:13 | Create | Longbowman |
| 23:13 | Create | Longbowman |
| 23:13 | Create | Longbowman |
| 23:14 | Create | Longbowman |
| 23:14 | Create | Longbowman |
| 23:34 | Research | Leather Archer Armor |
| 23:53 | Create | Villager (Male) |
| 23:53 | Create | Villager (Male) |
| 24:39 | Build | Town Center |
| 24:47 | Create | Villager (Male) |
| 24:48 | Create | Villager (Male) |
| 24:48 | Create | Villager (Male) |
| 24:48 | Create | Villager (Male) |
| 25:14 | Build | Town Center |
| 25:46 | Create | Villager (Male) |
| 25:47 | Create | Villager (Male) |
| 25:49 | Create | Villager (Male) |
| 26:02 | Create | Villager (Male) |
| 26:03 | Create | Villager (Male) |
| 26:03 | Create | Villager (Male) |
| 26:03 | Create | Villager (Male) |
| 26:33 | Build | Farm |
| 26:39 | Build | Farm |
Match timeline
| 2:21 | Joe CMD · wall_segment Palisade Wall x7 |
| 3:16 | Joe CMD · wall_segment Palisade Wall x2 |
| 3:22 | Joe CMD · wall_segment Palisade Wall x4 |
| 3:49 | [SotC] Jugg · wall_segment Palisade Wall x8 |
| 3:50 | ElMelvin49 · wall_segment Palisade Wall x3 |
| 3:50 | [SotC] Jugg · wall_segment Palisade Wall x1 |
| 3:51 | [SotC] Jugg · wall_segment Palisade Wall x1 |
| 3:52 | [SotC] Jugg · wall_segment Palisade Wall x1 |
| 4:12 | Joe CMD · wall_segment Palisade Wall x1 |
| 5:07 | ElMelvin49 · wall_segment Palisade Wall x5 |
| 5:53 | ElMelvin49 · first_building Dock |
| 5:57 | [SotC] Jugg · first_building Dock |
| 6:08 | NinjaGecko · wall_segment Palisade Wall x15 |
| 6:22 | Joe CMD · first_building Dock |
| 7:12 | CMD_perrito fiu fiu · first_building Dock |
| 7:50 | CMD_Papi Shulo 🌶 · first_building Barracks |
| 8:35 | ElMelvin49 · wall_segment Palisade Wall x3 |
| 8:38 | ElMelvin49 · wall_segment Palisade Wall x2 |
| 9:10 | CMD_Papi Shulo 🌶 · wall_segment Palisade Wall x3 |
| 9:46 | CMD_negroterrazas · wall_segment Palisade Wall x5 |
| 9:53 | CMD_negroterrazas · wall_segment Palisade Wall x12 |
| 10:24 | NinjaGecko · wall_segment Palisade Wall x14 |
| 10:40 | CMD_perrito fiu fiu · first_building Barracks |
| 10:45 | CMD_Papi Shulo 🌶 · age_up feudal |
| 10:47 | CMD_Papi Shulo 🌶 · first_building Stable |
| 10:52 | NinjaGecko · first_building Dock |
| 11:03 | CMD_negroterrazas · age_up feudal |
| 11:22 | [SotC] Jugg · age_up feudal |
| 11:40 | SlappyGJ · age_up feudal |
| 11:50 | CMD_negroterrazas · wall_segment Palisade Wall x1 |
| 12:23 | CMD_perrito fiu fiu · age_up feudal |
| 12:28 | CMD_perrito fiu fiu · first_building Archery Range |
| 13:12 | CMD_negroterrazas · wall_segment Stone Wall x4 |
| 13:16 | CMD_negroterrazas · wall_segment Stone Wall x15 |
| 13:22 | CMD_negroterrazas · wall_segment Stone Wall x9 |
| 13:26 | SlappyGJ · wall_segment Stone Wall x6 |
| 13:35 | ElMelvin49 · first_building Barracks |
| 13:55 | NinjaGecko · age_up feudal |
| 14:13 | [SotC] Jugg · first_building Barracks |
| 14:46 | NinjaGecko · wall_segment Palisade Wall x1 |
| 14:49 | [SotC] Jugg · first_building Archery Range |
| 15:18 | [SotC] Jugg · age_up castle |
| 15:58 | SlappyGJ · first_building Barracks |
| 16:19 | NinjaGecko · first_market_sell 100 stone |
| 16:20 | CMD_negroterrazas · age_up castle |
| 17:25 | NinjaGecko · first_building Barracks |
| 17:35 | NinjaGecko · wall_segment Palisade Wall x6 |
| 18:04 | NinjaGecko · wall_segment Palisade Wall x4 |
| 18:05 | NinjaGecko · wall_segment Palisade Wall x1 |
| 18:05 | CMD_perrito fiu fiu · wall_segment Stone Wall x1 |
| 18:27 | CMD_perrito fiu fiu · wall_segment Stone Wall x12 |
| 18:33 | ElMelvin49 · first_building Stable |
| 18:46 | NinjaGecko · wall_segment Palisade Wall x5 |
| 18:57 | NinjaGecko · wall_segment Palisade Wall x11 |
| 19:02 | NinjaGecko · age_up castle |
| 19:04 | SlappyGJ · age_up castle |
| 19:14 | CMD_perrito fiu fiu · wall_segment Stone Wall x1 |
| 19:17 | CMD_perrito fiu fiu · wall_segment Stone Wall x1 |
| 19:20 | CMD_perrito fiu fiu · wall_segment Stone Wall x1 |
| 19:33 | SlappyGJ · wall_segment Stone Wall x7 |
| 19:36 | SlappyGJ · wall_segment Stone Wall x13 |
| 19:56 | CMD_negroterrazas · first_building Castle |
| 20:19 | Joe CMD · first_building Castle |
| 20:34 | CMD_perrito fiu fiu · age_up castle |
| 22:00 | NinjaGecko · wall_segment Stone Wall x1 |
| 22:52 | [SotC] Jugg · wall_segment Stone Wall x1 |
| 23:17 | NinjaGecko · first_market_buy 100 stone |
| 23:23 | [SotC] Jugg · wall_segment Stone Wall x4 |
| 23:26 | [SotC] Jugg · wall_segment Stone Wall x7 |
| 23:30 | [SotC] Jugg · wall_segment Stone Wall x6 |
| 24:00 | CMD_Papi Shulo 🌶 · first_market_sell 100 wood |
| 24:13 | CMD_perrito fiu fiu · first_building Siege Workshop |
| 25:07 | NinjaGecko · first_building Castle |
| 26:35 | Joe CMD · first_building Barracks |
| 26:42 | SlappyGJ · wall_segment Stone Wall x16 |
| 26:44 | SlappyGJ · wall_segment Stone Wall x1 |
| 26:45 | SlappyGJ · wall_segment Stone Wall x1 |
| 26:53 | CMD_Papi Shulo 🌶 · age_up castle |
| 27:35 | Joe CMD · first_building Siege Workshop |
| 27:50 | Joe CMD · first_building Monastery |
| 27:52 | SlappyGJ · first_building Siege Workshop |
| 28:15 | SlappyGJ · first_building Castle |
| 28:20 | [SotC] Jugg · first_building Castle |
| 28:31 | SlappyGJ · first_building Stable |
| 28:42 | NinjaGecko · first_building Stable |
| 30:07 | [SotC] Jugg · first_market_sell 100 food |
| 30:55 | ElMelvin49 · first_building Archery Range |
| 31:12 | NinjaGecko · wall_segment Palisade Wall x6 |
| 31:18 | CMD_negroterrazas · first_building Siege Workshop |
| 33:34 | SlappyGJ · first_market_sell 100 food |
| 33:38 | [SotC] Jugg · age_up imperial |
| 34:28 | ElMelvin49 · first_building Castle |
| 36:37 | SlappyGJ · resign |
| 36:41 | CMD_Papi Shulo 🌶 · first_building Castle |
| 37:42 | CMD_negroterrazas · age_up imperial |
| 37:58 | CMD_perrito fiu fiu · first_building Castle |
| 38:41 | CMD_perrito fiu fiu · wall_segment Palisade Wall x1 |
[ AI ANALYSIS · 1 CREDIT ]
What really happened in this match?
Wolo.gg analyzes every decision: build order, eco, micro, common mistakes by bracket. Personalized analysis on WhatsApp or Discord in 30 seconds.
Civ guide
Romans
Map guide
Highland
Perfil
SlappyGJ